 Dungeon Crawl Stone Soup version 0.21.0-3-g78d12a8 (webtiles) character file.

324 komo4ek the Caller (level 6, -1/41 HPs)
             Began as a Human Summoner on Jan 12, 2018.
             Was a Follower of Yredelemnul.
             Slain by komo4ek's ghost (2 damage)
             ... on level 4 of the Dungeon.
             The game lasted 00:12:27 (4290 turns).

komo4ek the Caller (Human Summoner)                 Turns: 4290, Time: 00:12:28

Health: -1/41      AC:  5    Str:  8    XL:     6   Next: 78%
Magic:  6/11       EV: 12    Int: 18    God:    Yredelemnul [*.....]
Gold:   305        SH:  0    Dex: 13    Spells: 8/12 levels left

rFire    . . .     SeeInvis .   v - +3 dagger (drain)
rCold    . . .     Gourm    .   (no shield)
rNeg     + . .     Faith    .   x - +2 robe {rN+}
rPois    .         Spirit   .   p - +0 helmet
rElec    .         Reflect  .   (no cloak)
rCorr    +         Harm     .   (no gloves)
MR       .....                  (no boots)
Stlth    ++........             (no amulet)
HPRegen  0.13/turn              f - ring of resist corrosion
MPRegen  0.12/turn              (no ring)

@: no status effects
A: no striking features
a: Animate Remains, Renounce Religion


You were on level 4 of the Dungeon.
You worshipped Yredelemnul.
Yredelemnul was aware of your devotion.
You were not hungry.

You visited 1 branch of the dungeon, and saw 4 of its levels.

You collected 305 gold pieces.

Inventory:

Hand Weapons
 d - a +1 dagger of speed
 l - a +5 dagger
 t - a +0 quarterstaff
 v - a +3 dagger of draining (weapon)
Armour
 a - a +0 robe
 e - a +0 ring mail
 g - a +0 shield
 p - a +0 helmet (worn)
 x - a +2 robe of positive energy (worn)
Jewellery
 f - a ring of resist corrosion (left hand)
 q - an uncursed ring of protection from fire {unknown}
Wands
 u - a wand of flame (29)
Scrolls
 h - 3 scrolls of identify
 j - 2 scrolls of fear {unknown}
 m - 2 scrolls of remove curse {unknown}
 o - a scroll of teleportation {unknown}
 r - a scroll of enchant armour {unknown}
 s - a scroll of amnesia {unknown}
 w - a scroll of magic mapping {unknown}
Potions
 i - a potion of mutation {unknown}
 k - a potion of cancellation {unknown}
 n - a potion of lignification {unknown}
Books
 b - a book of Callings

   Spells                             Type                      Level
   a - Summon Small Mammal            Summoning                    1
   b - Call Imp                       Summoning                    2
   c - Call Canine Familiar           Summoning                    3
   d - Summon Guardian Golem          Hexes/Summoning              3
   e - Summon Lightning Spire         Summoning/Air                4
   f - Summon Ice Beast               Ice/Summoning                4
Comestibles
 c - 7 rations


   Skills:
 - Level 2.0 Dodging
 - Level 2.0 Stealth
 + Level 3.8 Spellcasting
 * Level 6.6 Summonings


You had 8 spell levels left.
You knew the following spells:

 Your Spells              Type           Power        Failure   Level  Hunger
a - Summon Small Mammal   Summ           ####         1%          1    None
b - Call Canine Familiar  Summ           ####....     3%          3    ###....


Dungeon Overview and Level Annotations

Branches:
Dungeon (4/15)
 Temple: D:4-7

Altars:
Hepliaklqana
Makhleb
Yredelemnul
The Shining One

Annotations:
D:4 komo4ek's ghost, amateur HuSu


Message History

Komo4ek's ghost is almost destroyed.
The river rat bites you but does no damage.
The quokka closely misses you.
Komo4ek's ghost hits you but does no damage.
The river rat closely misses you.
You completely miss komo4ek's ghost.
Komo4ek's ghost is almost destroyed.
The quokka bites you.
* * * LOW HITPOINT WARNING * * *
The river rat bites you.
* * * LOW HITPOINT WARNING * * *
Komo4ek's ghost barely misses you. The quokka barely misses you.
The river rat barely misses you.
You hit komo4ek's ghost but do no damage.
Komo4ek's ghost is almost destroyed.
The river rat bites you.
* * * LOW HITPOINT WARNING * * *
Komo4ek's ghost hits you.
You die...
Your body rises from the dead as a mindless zombie.

#....># #.# #####.#
#.# #.# ##'## #.#
##...## #.#
##.....## ##.##
##.......##
##...####.........##
#...r...'.........'.
#.r@r...#.........##
#.#W###.##.......##
#.#b# #.###.....##
#.#.# #.# ##...##
#.#.# #)# ##'## #.#
#.# #.# #.#
#.#####.###### ...
..#........... #.#
### ##...#..##


You could see komo4ek's ghost, 2 river rats, a quokka and a bat.

Vanquished Creatures
  Eustachio (D:4)
  A phantom (D:4)
  2 adders (D:3)
  2 oozes (D:1)
  A worm (D:3)
  4 leopard geckos
  An orc (D:3)
  7 bats
  3 giant cockroaches
  8 goblins
  2 hobgoblins
  7 jackals (D:1)
  4 kobolds
  A quokka (D:4)
  A ball python (D:2)
  8 frilled lizards
  5 rats
58 creatures vanquished.

Vanquished Creatures (collateral kills)
  A hound (D:4)
  2 orc priests (D:3)
  A worker ant (D:4)
  A hound skeleton (D:4)
  3 adders
  An ooze (D:2)
  An adder skeleton (D:4)
  A dart slug (D:3)
  A leopard gecko (D:2)
  8 orcs
  3 giant cockroaches
  4 goblins
  2 hobgoblins
  2 jackals (D:1)
  3 bats (D:1)
  A frilled lizard (D:2)
  4 kobolds
  3 rats
42 creatures vanquished.

Grand Total: 100 creatures vanquished

Notes
Turn   | Place    | Note
-------+----------+-------------------------------------------
     0 | D:1      | komo4ek the Human Summoner began the quest for the Orb.
     0 | D:1      | Reached XP level 1. HP: 13/13 MP: 3/3
   140 | D:1      | Reached XP level 2. HP: 16/19 MP: 5/5
   528 | D:1      | Reached XP level 3. HP: 9/24 MP: 4/6
  1264 | D:2      | Learned a level 3 spell: Call Canine Familiar
  1397 | D:2      | Reached skill level 5 in Summonings
  1397 | D:2      | Reached XP level 4. HP: 30/30 MP: 3/7
  1628 | D:2      | Found a burning altar of Makhleb.
  1732 | D:2      | Found a basalt altar of Yredelemnul.
  1734 | D:2      | Noticed a profane servitor
  1745 | D:2      | Found a glowing golden altar of the Shining One.
  1748 | D:2      | Noticed an angel
  1777 | D:2      | Became a worshipper of Yredelemnul the Dark
  2403 | D:3      | Reached XP level 5. HP: 24/35 MP: 3/9
  2649 | D:3      | Reached * piety under Yredelemnul
  3097 | D:3      | Found a hazy altar of Hepliaklqana.
  3423 | D:4      | Noticed a phantom
  3518 | D:4      | Killed a phantom
  3518 | D:4      | Reached skill level 6 in Summonings
  3518 | D:4      | Reached XP level 6. HP: 26/41 MP: 5/11
  3729 | D:4      | Noticed Eustachio
  3806 | D:4      | Killed Eustachio
  4252 | D:4      | Noticed komo4ek's ghost (amateur HuSu)
  4290 | D:4      | HP: 1/41 [river rat[komo4ek's ghost] (2)]
  4290 | D:4      | Slain by komo4ek's ghost

Skill      XL: |  1  2  3  4  5 |
---------------+----------------+-----
Summonings     | 5 6 |  6.6
Spellcasting   | 3 |  3.8
Dodging        | |  2.0
Stealth        | |  2.0

Action                   |  1- 3 |  4- 6 || total
-------------------------+-------+-------++-------
Melee: Dagger            |   177 |   110 ||   287
 Cast: Summon Small Mamm |    14 |       ||    14
       Call Canine Famil |     2 |    22 ||    24
  Use: Scroll            |       |     2 ||     2
       Potion            |       |     1 ||     1
 Stab: Sleeping          |     1 |     3 ||     4
  Eat: Ration            |     1 |     3 ||     4
Armor: Ring mail         |    67 |       ||    67
       Robe              |     3 |    28 ||    31
Dodge: Dodged            |    80 |    90 ||   170
